DALLAS Stars vs TORONTO Maple Leafs

Created - 17 mars 2024 at 14:00

Goals
1 2 3 T
DALLAS Stars 2 0 2 4
TORONTO Maple Leafs 0 1 0 1
Shots
1 2 3 T
DALLAS Stars 5 14 8 27
TORONTO Maple Leafs 9 9 10 28

1st period

1. DALLAS Stars , Viktor Arvidsson 23 (Marc-Edouard Vlasic 26, Peyton Krebs 31) at 3:04
2. DALLAS Stars , Paul Cotter 6 (Nicklas Backstrom 9, Conor Timmins 16) at 7:07

Penalties :
Ryan Suter (DAL) for Roughing (Minor) at 0:10, Sean Walker (DAL) for Cross-checking (Minor) at 9:36, Ryan Suter (DAL) for Tripping (Minor) at 15:40, Artem Zub (TOR) for Tripping (Minor) at 18:47

2nd period

3. TORONTO Maple Leafs , Sam Lafferty 13 (Colin White 8, Shayne Gostisbehere 30) at 14:45

Penalties :
Conor Timmins (DAL) for Tripping (Minor) at 1:41, Vince Dunn (TOR) for Cross-checking (Minor) at 9:44, Sam Lafferty (TOR) for Cross-checking (Minor) at 12:26

3rd period

4. DALLAS Stars , Brendan Gallagher 10 (Conor Timmins 17, Jesperi Kotkaniemi 25) at 11:46
5. DALLAS Stars , Viktor Arvidsson 24 (Ryan Suter 27, Juuso Valimaki 18) at 17:03 (PP)

Penalties :
Patrik Nemeth (DAL) for Interference (Minor) at 2:25, Sean Walker (DAL) for Interference (Minor) at 14:05, Artem Zub (TOR) for Slashing (Minor) at 16:19, Conor Timmins (DAL) for Slashing (Minor) at 17:46

Goalie Stats

Matthew Villalta (DAL), 27 saves from 28 shots - (0,964), W, 5-19-0, 60:00 minutes
Matt Murray (TOR), 23 saves from 27 shots - (0,852), L, 22-23-4, 60:00 minutes

Players Stats for DALLAS Stars

Player Name              G  A  P  +/- PIM S  H  SB GA TA FO     MP     PP MP  PK MP  
------------------------------------------------------------------------------------
Alexander Radulov        0  0  0   0  0   2  0  0  0  0  3/5    10:34   2:32   0:31 
Aliaksei Protas          0  0  0   0  0   1  0  0  0  0  0/0    20:26   3:14   8:21 
Andreas Johnsson         0  0  0   0  0   0  0  0  0  0  1/1     7:31   0:00   0:00 
Brendan Gallagher        1  0  1   1  0   1  1  0  0  0  1/1    15:58   0:00   5:01 
Cal Clutterbuck          0  0  0   0  0   1  1  0  0  0  0/0     7:31   0:00   0:00 
Conor Timmins            0  2  2   2  4   1  1  0  0  0  0/0    21:39   2:32   5:04 
Emil Bemstrom            0  0  0   1  0   2  0  0  0  0  0/1    14:55   3:27   0:31 
Jesperi Kotkaniemi       0  1  1   1  0   2  3  0  0  0  6/15   14:11   3:14   0:00 
Juuso Valimaki           0  1  1   0  0   0  4  3  0  0  0/0    24:11   4:09   6:31 
Marc-Edouard Vlasic      0  1  1   2  0   0  3  4  0  0  0/0    21:29   0:00   7:24 
Nicklas Backstrom        0  1  1   0  0   0  0  0  0  0  0/2     8:51   0:00   0:00 
Patrik Nemeth            0  0  0   0  2   0  2  0  0  0  0/0    15:30   0:00   3:41 
Paul Cotter              1  0  1   0  0   2  2  0  0  0  4/23   17:12   0:00   8:21 
Peyton Krebs             0  1  1   1  0   2  1  0  0  0  9/17   15:34   3:27   0:00 
Ryan Suter               0  1  1   0  4   4  1  2  0  0  0/0    18:05   4:09   0:07 
Sean Walker              0  0  0   0  4   1  3  1  0  0  0/0    16:27   0:00   4:59 
Sonny Milano             0  0  0   1  0   2  0  0  0  0  2/6    20:35   3:27   5:01 
Viktor Arvidsson         2  0  2   1  0   6  1  0  0  0  1/1    15:21   3:14   0:00 

Players Stats for TORONTO Maple Leafs

Player Name              G  A  P  +/- PIM S  H  SB GA TA FO     MP     PP MP  PK MP  
------------------------------------------------------------------------------------
Alex Goligoski           0  0  0  -2  0   0  0  1  0  0  0/0    16:22   0:00   2:56 
Alexander Holtz          0  0  0  -1  0   1  1  0  0  0  0/0     5:56   0:00   0:00 
Artem Zub                0  0  0  -2  4   1  2  1  0  0  0/0    13:24   0:00   0:00 
Colin White              0  1  1   0  0   3  0  0  0  0  1/1    17:22   6:46   0:00 
Corey Perry              0  0  0   0  0   0  2  1  0  0  0/1    24:37   7:07   4:41 
Janne Kuokkanen          0  0  0  -1  0   1  0  0  0  0  0/0     5:56   0:00   0:00 
John Marino              0  0  0  -1  0   6  1  1  0  0  0/0    21:41   6:53   3:45 
Jonah Gadjovich          0  0  0  -1  0   0  1  1  0  0  0/0    11:04   0:00   0:59 
Josh Bailey              0  0  0   0  0   1  0  0  0  0  2/3    21:36   7:07   1:40 
Kevin Stenlund           0  0  0  -1  0   0  1  0  0  0  8/11    5:56   0:00   0:00 
Mark Jankowski           0  0  0   0  0   1  0  0  0  0  1/1    17:25   6:46   0:03 
Nick Leddy               0  0  0  -1  0   0  0  5  0  0  0/0    21:41   6:53   3:45 
Ryan Carpenter           0  0  0  -1  0   2  0  0  0  0  3/5    10:05   0:00   0:00 
Sam Lafferty             1  0  1   0  2   3  3  0  0  0  8/13   18:19   6:46   0:58 
Shayne Gostisbehere      0  1  1   1  0   4  0  1  0  0  0/0    24:53   7:00   2:56 
Simon Holmstrom          0  0  0  -1  0   1  0  0  0  0  0/0    10:05   0:00   0:00 
Tyler Seguin             0  0  0   0  0   2  1  0  0  0  22/37  24:57   7:07   5:01 
Vince Dunn               0  0  0   1  2   2  1  0  0  0  0/0    21:56   7:00   0:00 

3 Stars

1 - Viktor Arvidsson (DAL)
2 - Marc-Edouard Vlasic (DAL)
3 - Matthew Villalta (DAL)

Power Play

DALLAS Stars - 1 on 4 Attempt(s) - 25,00%
TORONTO Maple Leafs - 0 on 7 Attempt(s) - 0,00%

Penalty Kill

DALLAS Stars - 7 on 7 Attempt(s) - 100,00% - Score 0 goal in Penalty Kill
TORONTO Maple Leafs - 3 on 4 Attempt(s) - 75,00% - Score 0 goal in Penalty Kill

Team Stat

DALLAS Stars - Hits : 23 - Faceoff Wins : 27 - Blocked Shots : 10 - Penalty Minutes : 14
TORONTO Maple Leafs - Hits : 13 - Faceoff Wins : 45 - Blocked Shots : 11 - Penalty Minutes : 8

Official

Referees : Kyle Rehman and Brandon Schrader
Linesman : Jenni Heikkinen and Meghan Mallette

Game Notes

No Game Note

Finance

Level 1 -- Attendance: 6005 (85,79%) -- Ticket Income $570,475
Level 2 -- Attendance: 3863 (64,38%) -- Ticket Income $231,780
Level 3 -- Attendance: 1823 (60,77%) -- Ticket Income $72,920
Level 4 -- Attendance: 3928 (65,47%) -- Ticket Income $78,560
Luxury Box -- Attendance: 726 (72,60%) -- Ticket Income $163,350
Game was played at the Air Canada Centre.
Total Attendance: 16345 (71,07%)
Total Ticket Income: $1,117,085
Other Income: $279,271
Total Income: $1,396,356

DALLAS Stars

5 vs 5 Forward 
   Center                   Left Wing                Right Wing               Time % Phy DF OF 
 1 Peyton Krebs             Viktor Arvidsson         Sonny Milano             35     1   2  2  
 2 Jesperi Kotkaniemi       Emil Bemstrom            Brendan Gallagher        30     1   2  2  
 3 Paul Cotter              Nicklas Backstrom        Aliaksei Protas          20     1   2  2  
 4 Alexander Radulov        Andreas Johnsson         Cal Clutterbuck          15     1   2  2  

5 vs 5 Defense 
   Defense                  Defense                                           Time % Phy DF OF 
 1 Juuso Valimaki           Ryan Suter                                        40     1   1  3  
 2 Marc-Edouard Vlasic      Conor Timmins                                     30     1   2  2  
 3 Sean Walker              Patrik Nemeth                                     20     2   2  1  
 4 Conor Timmins            Marc-Edouard Vlasic                               10     1   2  2  

PowerPlay Forward 
   Center                   Left Wing                Right Wing               Time % Phy DF OF 
 1 Jesperi Kotkaniemi       Viktor Arvidsson         Aliaksei Protas          60     1   2  2  
 2 Peyton Krebs             Sonny Milano             Emil Bemstrom            40     1   2  2  

PowerPlay Defense
   Defense                  Defense                                           Time % Phy DF OF 
 1 Juuso Valimaki           Ryan Suter                                        60     1   2  2  
 2 Alexander Radulov        Conor Timmins                                     40     1   1  3  

Penalty Kill 4 Players Forward 
   Center                   Wing                     Time % Phy DF OF 
 1 Paul Cotter              Aliaksei Protas          60     1   2  2  
 2 Sonny Milano             Brendan Gallagher        40     1   2  2  

Penalty Kill 4 Players Defense
   Defense                  Defense                  Time % Phy DF OF 
 1 Marc-Edouard Vlasic      Sean Walker              60     1   2  2  
 2 Conor Timmins            Juuso Valimaki           40     1   2  2  

Penalty Kill - 3 Players Forward 
   Forward                                           Time % Phy DF OF 
 1 Paul Cotter                                       60     1   2  2  
 2 Cal Clutterbuck                                   40     1   2  2  

Penalty Kill - 3 Players Defense
   Defense                  Defense                  Time % Phy DF OF 
 1 Marc-Edouard Vlasic      Ryan Suter               60     1   2  2  
 2 Sean Walker              Juuso Valimaki           40     1   2  2  

4 vs 4 Forward 
   Center                   Wing                     Time % Phy DF OF 
 1 Jesperi Kotkaniemi       Emil Bemstrom            60     1   2  2  
 2 Peyton Krebs             Brendan Gallagher        40     1   2  2  

4 vs 4 Defense
   Defense                  Defense                  Time % Phy DF OF 
 1 Marc-Edouard Vlasic      Juuso Valimaki           60     1   2  2  
 2 Conor Timmins            Ryan Suter               40     1   2  2  

Last Minutes Offensive
   Center                   Left Wing                Right Wing               Defense                  Defense                  
   Peyton Krebs             Jesperi Kotkaniemi       Aliaksei Protas          Conor Timmins            Juuso Valimaki           

Last Minutes Defensive
   Center                   Left Wing                Right Wing               Defense                  Defense                  
   Paul Cotter              Aliaksei Protas          Cal Clutterbuck          Marc-Edouard Vlasic      Ryan Suter               

Goaltenders
Starting : Matthew Villalta         
Backup : Carter Hart              

Extra Forwards
Normal : Aliaksei Protas, Peyton Krebs, Alexander Radulov - PP : Aliaksei Protas, Peyton Krebs - PK : Alexander Radulov
Extra Defensemen
Normal : Sean Walker, Juuso Valimaki, Conor Timmins - PP : Sean Walker - PK : Juuso Valimaki, Conor Timmins
Penalty Shots
Viktor Arvidsson, Jesperi Kotkaniemi, Sonny Milano, Nicklas Backstrom, Peyton Krebs

Scratches
Zach Senyshyn (Healthy)

TORONTO Maple Leafs

5 vs 5 Forward 
   Center                   Left Wing                Right Wing               Time % Phy DF OF 
 1 Tyler Seguin             Josh Bailey              Corey Perry              40     1   2  2  
 2 Sam Lafferty             Mark Jankowski           Colin White              30     1   2  2  
 3 Ryan Carpenter           Jonah Gadjovich          Simon Holmstrom          20     1   2  2  
 4 Kevin Stenlund           Janne Kuokkanen          Alexander Holtz          10     1   2  2  

5 vs 5 Defense 
   Defense                  Defense                                           Time % Phy DF OF 
 1 Vince Dunn               Shayne Gostisbehere                               40     1   2  2  
 2 Nick Leddy               John Marino                                       30     1   2  2  
 3 Alex Goligoski           Artem Zub                                         20     1   2  2  
 4 Vince Dunn               Shayne Gostisbehere                               10     1   2  2  

PowerPlay Forward 
   Center                   Left Wing                Right Wing               Time % Phy DF OF 
 1 Tyler Seguin             Josh Bailey              Corey Perry              60     1   2  2  
 2 Sam Lafferty             Mark Jankowski           Colin White              40     1   2  2  

PowerPlay Defense
   Defense                  Defense                                           Time % Phy DF OF 
 1 Vince Dunn               Shayne Gostisbehere                               60     1   2  2  
 2 Nick Leddy               John Marino                                       40     1   2  2  

Penalty Kill 4 Players Forward 
   Center                   Wing                     Time % Phy DF OF 
 1 Tyler Seguin             Corey Perry              60     1   2  2  
 2 Josh Bailey              Sam Lafferty             40     1   2  2  

Penalty Kill 4 Players Defense
   Defense                  Defense                  Time % Phy DF OF 
 1 Alex Goligoski           Shayne Gostisbehere      60     1   2  2  
 2 Nick Leddy               John Marino              40     1   2  2  

Penalty Kill - 3 Players Forward 
   Forward                                           Time % Phy DF OF 
 1 Tyler Seguin                                      60     1   2  2  
 2 Corey Perry                                       40     1   2  2  

Penalty Kill - 3 Players Defense
   Defense                  Defense                  Time % Phy DF OF 
 1 Vince Dunn               Shayne Gostisbehere      60     1   2  2  
 2 Nick Leddy               John Marino              40     1   2  2  

4 vs 4 Forward 
   Center                   Wing                     Time % Phy DF OF 
 1 Tyler Seguin             Corey Perry              60     1   2  2  
 2 Josh Bailey              Sam Lafferty             40     1   2  2  

4 vs 4 Defense
   Defense                  Defense                  Time % Phy DF OF 
 1 Artem Zub                Shayne Gostisbehere      60     1   2  2  
 2 Nick Leddy               John Marino              40     1   2  2  

Last Minutes Offensive
   Center                   Left Wing                Right Wing               Defense                  Defense                  
   Tyler Seguin             Josh Bailey              Corey Perry              Vince Dunn               Shayne Gostisbehere      

Last Minutes Defensive
   Center                   Left Wing                Right Wing               Defense                  Defense                  
   Tyler Seguin             Josh Bailey              Corey Perry              Vince Dunn               Shayne Gostisbehere      

Goaltenders
Starting : Matt Murray              
Backup : Alex Nedeljkovic         

Extra Forwards
Normal : Ryan Carpenter, Simon Holmstrom, Jonah Gadjovich - PP : Ryan Carpenter, Simon Holmstrom - PK : Jonah Gadjovich
Extra Defensemen
Normal : Alex Goligoski, Artem Zub, Vince Dunn - PP : Alex Goligoski - PK : Artem Zub, Vince Dunn
Penalty Shots
Tyler Seguin, Corey Perry, Josh Bailey, Sam Lafferty, Colin White

Scratches
Mark Friedman (Healthy), Dennis Gilbert (Healthy)

% Time on Ice - DALLAS Stars

Lines # - Real PCT - Wanted PCT - Time Play
Normal Forward
1 - 31% - 35% - 12:07
2 - 28% - 30% - 10:57
3 - 22% - 20% - 8:51
4 - 19% - 15% - 7:31
Normal Defense
1 - 35% - 40% - 13:51
2 - 32% - 30% - 12:26
3 - 29% - 20% - 11:30
4 - 4% - 10% - 1:39
PP Forward
1 - 48% - 60% - 3:14
2 - 52% - 40% - 3:27
PP Defense
1 - 62% - 60% - 4:09
2 - 38% - 40% - 2:32
PK Forward
1 - 64% - 60% - 8:52
2 - 36% - 40% - 5:01
PK Defense
1 - 61% - 60% - 8:28
2 - 39% - 40% - 5:25
PK3 Forward
1 - 0% - 60%
2 - 0% - 40%
PK3 Defense
1 - 0% - 60%
2 - 0% - 40%
44 Forward
1 - 0% - 60%
2 - 0% - 40%
44 Defense
1 - 0% - 60%
2 - 0% - 40%
Last Minute Offensive  - 0:00
Last Minute Defensive  - 0:00
Total
Forward - 60:00
Defense - 60:00

% Time on Ice - TORONTO Maple Leafs

Lines # - Real PCT - Wanted PCT - Time Play
Normal Forward
1 - 33% - 40% - 12:49
2 - 27% - 30% - 10:36
3 - 26% - 20% - 10:05
4 - 15% - 10% - 5:56
Normal Defense
1 - 38% - 40% - 14:57
2 - 28% - 30% - 11:03
3 - 34% - 20% - 13:26
4 - 0% - 10% - 0:00
PP Forward
1 - 51% - 60% - 7:07
2 - 49% - 40% - 6:46
PP Defense
1 - 50% - 60% - 7:00
2 - 50% - 40% - 6:53
PK Forward
1 - 75% - 60% - 5:01
2 - 25% - 40% - 1:40
PK Defense
1 - 44% - 60% - 2:56
2 - 56% - 40% - 3:45
PK3 Forward
1 - 0% - 60%
2 - 0% - 40%
PK3 Defense
1 - 0% - 60%
2 - 0% - 40%
44 Forward
1 - 0% - 60%
2 - 0% - 40%
44 Defense
1 - 0% - 60%
2 - 0% - 40%
Last Minute Offensive  - 0:00
Last Minute Defensive  - 0:00
Total
Forward - 60:00
Defense - 60:00

Play-by-Play

1st period


0:01 of 1st period - Tyler Seguin wins face-off versus Peyton Krebs in neutral zone.
0:09 of 1st period - Tyler Seguin is hit by Juuso Valimaki and loses puck.
0:10 of 1st period - Minor Penalty to Ryan Suter for Roughing.
0:11 of 1st period - Tyler Seguin wins face-off versus Paul Cotter in DALLAS Stars zone.
0:44 of 1st period - Shot by Vince Dunn.
0:44 of 1st period - Deflect By Tyler Seguin.
0:44 of 1st period - Stopped by Matthew Villalta with a rebound.
0:54 of 1st period - Shot by Corey Perry.
0:54 of 1st period - Shot Misses the Net.
2:42 of 1st period - Shot by Andreas Johnsson.
2:42 of 1st period - Shot Misses the Net.
3:00 of 1st period - Icing by Artem Zub.
3:01 of 1st period - Peyton Krebs wins face-off versus Ryan Carpenter in TORONTO Maple Leafs zone.
3:04 of 1st period - Shot by Viktor Arvidsson.
3:04 of 1st period - Goal by Viktor Arvidsson - DALLAS Stars : 1 - TORONTO Maple Leafs : 0.
3:05 of 1st period - Tyler Seguin wins face-off versus Paul Cotter in neutral zone.
3:22 of 1st period - Shot by Conor Timmins.
3:22 of 1st period - Shot Blocked by Corey Perry.
3:46 of 1st period - Shot by Nicklas Backstrom.
3:46 of 1st period - Shot Misses the Net.
4:42 of 1st period - Shot by Viktor Arvidsson.
4:42 of 1st period - Shot Blocked by Nick Leddy.
4:44 of 1st period - Shot by Sonny Milano.
4:44 of 1st period - Shot Misses the Net.
5:17 of 1st period - Icing by Alex Goligoski.
5:18 of 1st period - Kevin Stenlund wins face-off versus Jesperi Kotkaniemi in TORONTO Maple Leafs zone.
5:18 of 1st period - Kevin Stenlund is hit by Jesperi Kotkaniemi.
5:39 of 1st period - Shot by Alexander Holtz.
5:39 of 1st period - Stopped by Matthew Villalta without a rebound.
5:40 of 1st period - Alexander Radulov wins face-off versus Tyler Seguin in DALLAS Stars zone.
5:40 of 1st period - Alexander Radulov is hit by Corey Perry.
5:46 of 1st period - Shot by Cal Clutterbuck.
5:46 of 1st period - Stopped by Matt Murray without a rebound.
5:47 of 1st period - Tyler Seguin wins face-off versus Jesperi Kotkaniemi in TORONTO Maple Leafs zone.
5:54 of 1st period - Jesperi Kotkaniemi is hit by Corey Perry and loses puck.
6:12 of 1st period - Shayne Gostisbehere is hit by Sean Walker and loses puck.
6:18 of 1st period - Sean Walker is hit by Vince Dunn and loses puck.
7:07 of 1st period - Shot by Paul Cotter.
7:07 of 1st period - Goal by Paul Cotter - DALLAS Stars : 2 - TORONTO Maple Leafs : 0.
7:08 of 1st period - Ryan Carpenter wins face-off versus Peyton Krebs in neutral zone.
7:47 of 1st period - Shot by Peyton Krebs.
7:47 of 1st period - Stopped by Matt Murray without a rebound.
7:48 of 1st period - Jesperi Kotkaniemi wins face-off versus Sam Lafferty in TORONTO Maple Leafs zone.
7:59 of 1st period - Icing by Brendan Gallagher.
8:00 of 1st period - Jesperi Kotkaniemi wins face-off versus Tyler Seguin in DALLAS Stars zone.
9:27 of 1st period - Shot by Sam Lafferty.
9:27 of 1st period - Stopped by Matthew Villalta with a rebound.
9:29 of 1st period - Shot by Nick Leddy.
9:29 of 1st period - Shot Misses the Net.
9:31 of 1st period - Shot by John Marino.
9:31 of 1st period - Stopped by Matthew Villalta without a rebound.
9:32 of 1st period - Kevin Stenlund wins face-off versus Alexander Radulov in DALLAS Stars zone.
9:36 of 1st period - Minor Penalty to Sean Walker for Cross-checking.
9:37 of 1st period - Sam Lafferty wins face-off versus Paul Cotter in DALLAS Stars zone.
10:03 of 1st period - Aliaksei Protas is hit by Sam Lafferty and loses puck.
10:17 of 1st period - Off-side.
10:18 of 1st period - Josh Bailey wins face-off versus Sonny Milano in neutral zone.
10:49 of 1st period - Shot by Vince Dunn.
10:49 of 1st period - Stopped by Matthew Villalta with a rebound.
10:51 of 1st period - Shot by Shayne Gostisbehere.
10:51 of 1st period - Stopped by Matthew Villalta without a rebound.
10:52 of 1st period - Paul Cotter wins face-off versus Sam Lafferty in DALLAS Stars zone.
11:05 of 1st period - Sonny Milano is hit by Sam Lafferty and loses puck.
12:48 of 1st period - Shayne Gostisbehere is hit by Sean Walker and loses puck.
14:20 of 1st period - Icing by Conor Timmins.
14:21 of 1st period - Kevin Stenlund wins face-off versus Peyton Krebs in DALLAS Stars zone.
14:38 of 1st period - Kevin Stenlund is hit by Viktor Arvidsson and loses puck.
15:30 of 1st period - John Marino is hit by Juuso Valimaki and loses puck.
15:40 of 1st period - Minor Penalty to Ryan Suter for Tripping.
15:41 of 1st period - Sam Lafferty wins face-off versus Paul Cotter in DALLAS Stars zone.
15:51 of 1st period - Icing by Nick Leddy.
15:52 of 1st period - Colin White wins face-off versus Paul Cotter in TORONTO Maple Leafs zone.
15:52 of 1st period - Colin White is hit by Paul Cotter.
16:18 of 1st period - Shot by John Marino.
16:18 of 1st period - Shot Misses the Net.
16:20 of 1st period - Shot by Mark Jankowski.
16:20 of 1st period - Deflect By Colin White.
16:20 of 1st period - Shot Misses the Net.
16:22 of 1st period - Shot by John Marino.
16:22 of 1st period - Stopped by Matthew Villalta with a rebound.
16:24 of 1st period - Shot by Colin White.
16:24 of 1st period - Stopped by Matthew Villalta without a rebound.
16:25 of 1st period - Tyler Seguin wins face-off versus Paul Cotter in DALLAS Stars zone.
16:25 of 1st period - Shayne Gostisbehere is hit by Juuso Valimaki and loses puck.
16:40 of 1st period - Shot by Shayne Gostisbehere.
16:40 of 1st period - Shot Misses the Net.
16:42 of 1st period - Shot by Corey Perry.
16:42 of 1st period - Shot Misses the Net.
16:44 of 1st period - Shot by Tyler Seguin.
16:44 of 1st period - Stopped by Matthew Villalta without a rebound.
16:45 of 1st period - Tyler Seguin wins face-off versus Sonny Milano in DALLAS Stars zone.
16:46 of 1st period - Shot by Vince Dunn.
16:46 of 1st period - Shot Blocked by Marc-Edouard Vlasic.
16:55 of 1st period - Icing by Shayne Gostisbehere.
16:56 of 1st period - Sonny Milano wins face-off versus Tyler Seguin in TORONTO Maple Leafs zone.
18:47 of 1st period - Minor Penalty to Artem Zub for Tripping.
18:48 of 1st period - Tyler Seguin wins face-off versus Jesperi Kotkaniemi in TORONTO Maple Leafs zone.
18:57 of 1st period - Shot by Viktor Arvidsson.
18:57 of 1st period - Stopped by Matt Murray without a rebound.
18:58 of 1st period - Tyler Seguin wins face-off versus Peyton Krebs in TORONTO Maple Leafs zone.
19:35 of 1st period - Shot by Emil Bemstrom.
19:35 of 1st period - Shot Blocked by Shayne Gostisbehere.
Goals for this period are 2 for DALLAS Stars vs 0 for TORONTO Maple Leafs.
Shots for this period are 5 for DALLAS Stars vs 9 for TORONTO Maple Leafs.

2nd period


0:01 of 2nd period - Jesperi Kotkaniemi wins face-off versus Tyler Seguin in neutral zone.
0:20 of 2nd period - Shot by Aliaksei Protas.
0:20 of 2nd period - Shot Misses the Net.
0:22 of 2nd period - Shot by Viktor Arvidsson.
0:22 of 2nd period - Stopped by Matt Murray with a rebound.
0:24 of 2nd period - Shot by Jesperi Kotkaniemi.
0:24 of 2nd period - Stopped by Matt Murray without a rebound.
0:25 of 2nd period - Tyler Seguin wins face-off versus Emil Bemstrom in TORONTO Maple Leafs zone.
0:38 of 2nd period - Shot by Conor Timmins.
0:38 of 2nd period - Shot Blocked by Nick Leddy.
1:16 of 2nd period - Shot by Sam Lafferty.
1:16 of 2nd period - Deflect By Colin White.
1:16 of 2nd period - Stopped by Matthew Villalta with a rebound.
1:18 of 2nd period - Shot by Shayne Gostisbehere.
1:18 of 2nd period - Stopped by Matthew Villalta without a rebound.
1:19 of 2nd period - Ryan Carpenter wins face-off versus Peyton Krebs in DALLAS Stars zone.
1:19 of 2nd period - Nick Leddy is hit by Marc-Edouard Vlasic and loses puck.
1:41 of 2nd period - Minor Penalty to Conor Timmins for Tripping.
1:42 of 2nd period - Paul Cotter wins face-off versus Tyler Seguin in DALLAS Stars zone.
2:00 of 2nd period - Shot by Shayne Gostisbehere.
2:00 of 2nd period - Shot Misses the Net.
2:12 of 2nd period - Shot by Vince Dunn.
2:12 of 2nd period - Shot Blocked by Sean Walker.
2:14 of 2nd period - Shot by Corey Perry.
2:14 of 2nd period - Shot Misses the Net.
2:49 of 2nd period - Nick Leddy is hit by Patrik Nemeth and loses puck.
3:30 of 2nd period - Shot by Josh Bailey.
3:30 of 2nd period - Stopped by Matthew Villalta without a rebound.
3:31 of 2nd period - Tyler Seguin wins face-off versus Paul Cotter in DALLAS Stars zone.
4:06 of 2nd period - Shot by Artem Zub.
4:06 of 2nd period - Stopped by Matthew Villalta with a rebound.
4:12 of 2nd period - Shot by Sonny Milano.
4:12 of 2nd period - Shot Misses the Net.
5:09 of 2nd period - Off-side.
5:10 of 2nd period - Tyler Seguin wins face-off versus Nicklas Backstrom in neutral zone.
5:33 of 2nd period - Shot by Aliaksei Protas.
5:33 of 2nd period - Stopped by Matt Murray with a rebound.
5:37 of 2nd period - Shot by Nicklas Backstrom.
5:37 of 2nd period - Shot Misses the Net.
5:39 of 2nd period - Shot by Paul Cotter.
5:39 of 2nd period - Stopped by Matt Murray with a rebound.
6:41 of 2nd period - Shot by Mark Jankowski.
6:41 of 2nd period - Shot Misses the Net.
6:43 of 2nd period - Shot by John Marino.
6:43 of 2nd period - Shot Misses the Net.
7:42 of 2nd period - Shot by Alexander Holtz.
7:42 of 2nd period - Shot Blocked by Ryan Suter.
8:47 of 2nd period - Icing by Aliaksei Protas.
8:48 of 2nd period - Tyler Seguin wins face-off versus Nicklas Backstrom in DALLAS Stars zone.
9:11 of 2nd period - Icing by Josh Bailey.
9:12 of 2nd period - Peyton Krebs wins face-off versus Tyler Seguin in TORONTO Maple Leafs zone.
9:13 of 2nd period - Shot by Sonny Milano.
9:13 of 2nd period - Stopped by Matt Murray without a rebound.
9:14 of 2nd period - Sam Lafferty wins face-off versus Sonny Milano in TORONTO Maple Leafs zone.
9:18 of 2nd period - Vince Dunn is hit by Marc-Edouard Vlasic and loses puck.
9:29 of 2nd period - Icing by Vince Dunn.
9:30 of 2nd period - Andreas Johnsson wins face-off versus Sam Lafferty in TORONTO Maple Leafs zone.
9:44 of 2nd period - Minor Penalty to Vince Dunn for Cross-checking.
9:45 of 2nd period - Tyler Seguin wins face-off versus Jesperi Kotkaniemi in TORONTO Maple Leafs zone.
11:32 of 2nd period - John Marino is hit by Jesperi Kotkaniemi and loses puck.
11:43 of 2nd period - Shot by Ryan Suter.
11:43 of 2nd period - Stopped by Matt Murray without a rebound.
11:44 of 2nd period - Kevin Stenlund wins face-off versus Alexander Radulov in TORONTO Maple Leafs zone.
11:44 of 2nd period - Kevin Stenlund is hit by Cal Clutterbuck.
12:00 of 2nd period - Shot by Artem Zub.
12:00 of 2nd period - Shot Misses the Net.
12:04 of 2nd period - Shot by Kevin Stenlund.
12:04 of 2nd period - Shot Misses the Net.
12:06 of 2nd period - Shot by Janne Kuokkanen.
12:06 of 2nd period - Stopped by Matthew Villalta without a rebound.
12:07 of 2nd period - Sam Lafferty wins face-off versus Paul Cotter in DALLAS Stars zone.
12:07 of 2nd period - Sam Lafferty is hit by Marc-Edouard Vlasic.
12:26 of 2nd period - Minor Penalty to Sam Lafferty for Cross-checking.
12:27 of 2nd period - Peyton Krebs wins face-off versus Tyler Seguin in TORONTO Maple Leafs zone.
12:32 of 2nd period - Shot by Sonny Milano.
12:32 of 2nd period - Shot Misses the Net.
12:50 of 2nd period - Shot by Ryan Suter.
12:50 of 2nd period - Stopped by Matt Murray with a rebound.
12:52 of 2nd period - Shot by Peyton Krebs.
12:52 of 2nd period - Deflect By Emil Bemstrom.
12:52 of 2nd period - Stopped by Matt Murray without a rebound.
12:53 of 2nd period - Jesperi Kotkaniemi wins face-off versus Tyler Seguin in TORONTO Maple Leafs zone.
13:00 of 2nd period - Shot by Jesperi Kotkaniemi.
13:00 of 2nd period - Deflect By Viktor Arvidsson.
13:00 of 2nd period - Shot Misses the Net.
13:10 of 2nd period - Shot by Viktor Arvidsson.
13:10 of 2nd period - Stopped by Matt Murray without a rebound.
13:11 of 2nd period - Peyton Krebs wins face-off versus Josh Bailey in TORONTO Maple Leafs zone.
13:24 of 2nd period - Shot by Emil Bemstrom.
13:24 of 2nd period - Shot Blocked by Jonah Gadjovich.
13:26 of 2nd period - Shot by Ryan Suter.
13:26 of 2nd period - Stopped by Matt Murray without a rebound.
13:27 of 2nd period - Viktor Arvidsson wins face-off versus Tyler Seguin in TORONTO Maple Leafs zone.
13:32 of 2nd period - Shot by Alexander Radulov.
13:32 of 2nd period - Shot Misses the Net.
13:37 of 2nd period - Shot by Aliaksei Protas.
13:37 of 2nd period - Shot Misses the Net.
13:39 of 2nd period - Shot by Alexander Radulov.
13:39 of 2nd period - Stopped by Matt Murray without a rebound.
13:40 of 2nd period - Peyton Krebs wins face-off versus Corey Perry in TORONTO Maple Leafs zone.
14:45 of 2nd period - Shot by Sam Lafferty.
14:45 of 2nd period - Goal by Sam Lafferty - DALLAS Stars : 2 - TORONTO Maple Leafs : 1.
14:46 of 2nd period - Alexander Radulov wins face-off versus Kevin Stenlund in neutral zone.
15:06 of 2nd period - Andreas Johnsson is hit by Artem Zub and loses puck.
15:25 of 2nd period - Cal Clutterbuck is hit by Alexander Holtz.
15:32 of 2nd period - Patrik Nemeth is hit by Kevin Stenlund and loses puck.
15:44 of 2nd period - Icing by Alex Goligoski.
15:45 of 2nd period - Peyton Krebs wins face-off versus Kevin Stenlund in TORONTO Maple Leafs zone.
15:56 of 2nd period - Shot by Peyton Krebs.
15:56 of 2nd period - Stopped by Matt Murray without a rebound.
15:57 of 2nd period - Tyler Seguin wins face-off versus Jesperi Kotkaniemi in TORONTO Maple Leafs zone.
15:57 of 2nd period - Tyler Seguin is hit by Jesperi Kotkaniemi.
16:27 of 2nd period - Shot by Shayne Gostisbehere.
16:27 of 2nd period - Stopped by Matthew Villalta with a rebound.
16:59 of 2nd period - Vince Dunn is hit by Peyton Krebs and loses puck.
17:22 of 2nd period - Shot by Peyton Krebs.
17:22 of 2nd period - Deflect By Sonny Milano.
17:22 of 2nd period - Stopped by Matt Murray without a rebound.
17:23 of 2nd period - Ryan Carpenter wins face-off versus Paul Cotter in TORONTO Maple Leafs zone.
17:23 of 2nd period - Ryan Carpenter is hit by Paul Cotter.
17:43 of 2nd period - Shot by Simon Holmstrom.
17:43 of 2nd period - Shot Misses the Net.
17:45 of 2nd period - Shot by Jonah Gadjovich.
17:45 of 2nd period - Shot Misses the Net.
18:21 of 2nd period - Shot by Mark Jankowski.
18:21 of 2nd period - Stopped by Matthew Villalta with a rebound.
18:23 of 2nd period - Shot by Artem Zub.
18:23 of 2nd period - Shot Misses the Net.
18:35 of 2nd period - Shot by Sam Lafferty.
18:35 of 2nd period - Stopped by Matthew Villalta without a rebound.
18:36 of 2nd period - Kevin Stenlund wins face-off versus Sonny Milano in DALLAS Stars zone.
18:41 of 2nd period - Shot by Shayne Gostisbehere.
18:41 of 2nd period - Shot Misses the Net.
18:49 of 2nd period - Icing by Janne Kuokkanen.
18:50 of 2nd period - Jesperi Kotkaniemi wins face-off versus Kevin Stenlund in TORONTO Maple Leafs zone.
18:59 of 2nd period - Shot by Emil Bemstrom.
18:59 of 2nd period - Stopped by Matt Murray without a rebound.
19:00 of 2nd period - Peyton Krebs wins face-off versus Tyler Seguin in TORONTO Maple Leafs zone.
19:03 of 2nd period - Shot by Sonny Milano.
19:03 of 2nd period - Shot Blocked by Nick Leddy.
19:22 of 2nd period - Icing by Nick Leddy.
19:23 of 2nd period - Tyler Seguin wins face-off versus Jesperi Kotkaniemi in TORONTO Maple Leafs zone.
19:36 of 2nd period - Shot by Josh Bailey.
19:36 of 2nd period - Shot Blocked by Marc-Edouard Vlasic.
19:54 of 2nd period - Shot by Josh Bailey.
19:54 of 2nd period - Shot Misses the Net.
Goals for this period are 0 for DALLAS Stars vs 1 for TORONTO Maple Leafs.
Shots for this period are 14 for DALLAS Stars vs 9 for TORONTO Maple Leafs.

3rd period


0:01 of 3rd period - Sonny Milano wins face-off versus Tyler Seguin in neutral zone.
0:14 of 3rd period - Juuso Valimaki is hit by Tyler Seguin and loses puck.
1:09 of 3rd period - Conor Timmins is hit by Sam Lafferty and loses puck.
1:57 of 3rd period - Alex Goligoski is hit by Sean Walker and loses puck.
2:25 of 3rd period - Minor Penalty to Patrik Nemeth for Interference.
2:26 of 3rd period - Tyler Seguin wins face-off versus Paul Cotter in DALLAS Stars zone.
2:56 of 3rd period - Shot by Shayne Gostisbehere.
2:56 of 3rd period - Stopped by Matthew Villalta without a rebound.
2:57 of 3rd period - Sam Lafferty wins face-off versus Paul Cotter in DALLAS Stars zone.
4:14 of 3rd period - Shot by Josh Bailey.
4:14 of 3rd period - Shot Misses the Net.
4:16 of 3rd period - Shot by Corey Perry.
4:16 of 3rd period - Shot Misses the Net.
4:29 of 3rd period - Artem Zub is hit by Ryan Suter.
4:44 of 3rd period - Shot by Alexander Radulov.
4:44 of 3rd period - Stopped by Matt Murray without a rebound.
4:45 of 3rd period - Kevin Stenlund wins face-off versus Peyton Krebs in TORONTO Maple Leafs zone.
6:23 of 3rd period - Icing by Artem Zub.
6:24 of 3rd period - Jesperi Kotkaniemi wins face-off versus Tyler Seguin in TORONTO Maple Leafs zone.
7:01 of 3rd period - Shot by Jesperi Kotkaniemi.
7:01 of 3rd period - Shot Misses the Net.
7:03 of 3rd period - Shot by Jesperi Kotkaniemi.
7:03 of 3rd period - Shot Misses the Net.
7:05 of 3rd period - Shot by Conor Timmins.
7:05 of 3rd period - Stopped by Matt Murray without a rebound.
7:06 of 3rd period - Paul Cotter wins face-off versus Ryan Carpenter in TORONTO Maple Leafs zone.
7:43 of 3rd period - Shot by Ryan Carpenter.
7:43 of 3rd period - Stopped by Matthew Villalta with a rebound.
7:58 of 3rd period - Icing by Nicklas Backstrom.
7:59 of 3rd period - Josh Bailey wins face-off versus Paul Cotter in DALLAS Stars zone.
8:20 of 3rd period - Shot by Tyler Seguin.
8:20 of 3rd period - Shot Misses the Net.
8:43 of 3rd period - Icing by Conor Timmins.
8:44 of 3rd period - Sam Lafferty wins face-off versus Jesperi Kotkaniemi in DALLAS Stars zone.
8:47 of 3rd period - Shot by Colin White.
8:47 of 3rd period - Stopped by Matthew Villalta with a rebound.
9:15 of 3rd period - Shot by Brendan Gallagher.
9:15 of 3rd period - Shot Blocked by Artem Zub.
9:17 of 3rd period - Shot by Brendan Gallagher.
9:17 of 3rd period - Shot Misses the Net.
9:53 of 3rd period - Cal Clutterbuck is hit by Jonah Gadjovich and loses puck.
10:07 of 3rd period - Shot by Simon Holmstrom.
10:07 of 3rd period - Deflect By Ryan Carpenter.
10:07 of 3rd period - Stopped by Matthew Villalta with a rebound.
10:51 of 3rd period - Shayne Gostisbehere is hit by Patrik Nemeth and loses puck.
11:03 of 3rd period - Shot by Viktor Arvidsson.
11:03 of 3rd period - Stopped by Matt Murray without a rebound.
11:04 of 3rd period - Kevin Stenlund wins face-off versus Jesperi Kotkaniemi in TORONTO Maple Leafs zone.
11:04 of 3rd period - Artem Zub is hit by Brendan Gallagher and loses puck.
11:20 of 3rd period - Emil Bemstrom is hit by Artem Zub and loses puck.
11:42 of 3rd period - Shot by Jesperi Kotkaniemi.
11:42 of 3rd period - Stopped by Matt Murray with a rebound.
11:44 of 3rd period - Shot by Conor Timmins.
11:44 of 3rd period - Shot Blocked by Alex Goligoski.
11:46 of 3rd period - Shot by Brendan Gallagher.
11:46 of 3rd period - Goal by Brendan Gallagher - DALLAS Stars : 3 - TORONTO Maple Leafs : 1.
11:47 of 3rd period - Tyler Seguin wins face-off versus Peyton Krebs in neutral zone.
12:23 of 3rd period - Shot by Sean Walker.
12:23 of 3rd period - Stopped by Matt Murray without a rebound.
12:24 of 3rd period - Sam Lafferty wins face-off versus Paul Cotter in TORONTO Maple Leafs zone.
12:47 of 3rd period - Aliaksei Protas is hit by John Marino and loses puck.
13:06 of 3rd period - Shot by John Marino.
13:06 of 3rd period - Shot Blocked by Marc-Edouard Vlasic.
13:25 of 3rd period - Off-side.
13:26 of 3rd period - Peyton Krebs wins face-off versus Tyler Seguin in neutral zone.
13:47 of 3rd period - Icing by Tyler Seguin.
13:48 of 3rd period - Brendan Gallagher wins face-off versus Tyler Seguin in TORONTO Maple Leafs zone.
14:05 of 3rd period - Minor Penalty to Sean Walker for Interference.
14:06 of 3rd period - Paul Cotter wins face-off versus Sam Lafferty in DALLAS Stars zone.
14:46 of 3rd period - Shot by John Marino.
14:46 of 3rd period - Stopped by Matthew Villalta without a rebound.
14:47 of 3rd period - Tyler Seguin wins face-off versus Paul Cotter in DALLAS Stars zone.
15:43 of 3rd period - Icing by Mark Jankowski.
15:44 of 3rd period - Mark Jankowski wins face-off versus Paul Cotter in TORONTO Maple Leafs zone.
15:49 of 3rd period - Shot by John Marino.
15:49 of 3rd period - Shot Misses the Net.
15:51 of 3rd period - Shot by John Marino.
15:51 of 3rd period - Stopped by Matthew Villalta without a rebound.
15:52 of 3rd period - Sam Lafferty wins face-off versus Paul Cotter in DALLAS Stars zone.
15:52 of 3rd period - Sam Lafferty is hit by Juuso Valimaki.
15:56 of 3rd period - Shot by John Marino.
15:56 of 3rd period - Shot Blocked by Juuso Valimaki.
15:58 of 3rd period - Shot by Mark Jankowski.
15:58 of 3rd period - Shot Misses the Net.
16:00 of 3rd period - Shot by Colin White.
16:00 of 3rd period - Shot Blocked by Juuso Valimaki.
16:02 of 3rd period - Shot by Nick Leddy.
16:02 of 3rd period - Shot Blocked by Marc-Edouard Vlasic.
16:04 of 3rd period - Shot by John Marino.
16:04 of 3rd period - Shot Misses the Net.
16:19 of 3rd period - Minor Penalty to Artem Zub for Slashing.
16:20 of 3rd period - Peyton Krebs wins face-off versus Tyler Seguin in TORONTO Maple Leafs zone.
16:23 of 3rd period - Shot by Sonny Milano.
16:23 of 3rd period - Deflect By Emil Bemstrom.
16:23 of 3rd period - Shot Misses the Net.
16:25 of 3rd period - Shot by Juuso Valimaki.
16:25 of 3rd period - Shot Misses the Net.
16:27 of 3rd period - Shot by Ryan Suter.
16:27 of 3rd period - Stopped by Matt Murray without a rebound.
16:28 of 3rd period - Tyler Seguin wins face-off versus Jesperi Kotkaniemi in TORONTO Maple Leafs zone.
16:37 of 3rd period - Shot by Juuso Valimaki.
16:37 of 3rd period - Shot Misses the Net.
16:39 of 3rd period - Shot by Ryan Suter.
16:39 of 3rd period - Shot Misses the Net.
16:41 of 3rd period - Shot by Aliaksei Protas.
16:41 of 3rd period - Shot Blocked by Nick Leddy.
16:53 of 3rd period - Shot by Juuso Valimaki.
16:53 of 3rd period - Shot Blocked by John Marino.
16:55 of 3rd period - Shot by Ryan Suter.
16:55 of 3rd period - Shot Misses the Net.
17:01 of 3rd period - Shot by Ryan Suter.
17:01 of 3rd period - Shot Blocked by Nick Leddy.
17:03 of 3rd period - Shot by Viktor Arvidsson.
17:03 of 3rd period - Goal by Viktor Arvidsson - DALLAS Stars : 4 - TORONTO Maple Leafs : 1.
17:04 of 3rd period - Alexander Radulov wins face-off versus Sam Lafferty in neutral zone.
17:09 of 3rd period - Shot by Cal Clutterbuck.
17:09 of 3rd period - Shot Misses the Net.
17:40 of 3rd period - Colin White is hit by Conor Timmins and loses puck.
17:43 of 3rd period - Shot by Mark Jankowski.
17:43 of 3rd period - Shot Misses the Net.
17:46 of 3rd period - Minor Penalty to Conor Timmins for Slashing.
17:47 of 3rd period - Tyler Seguin wins face-off versus Paul Cotter in DALLAS Stars zone.
17:54 of 3rd period - Shot by John Marino.
17:54 of 3rd period - Stopped by Matthew Villalta without a rebound.
17:55 of 3rd period - Tyler Seguin wins face-off versus Paul Cotter in DALLAS Stars zone.
18:00 of 3rd period - Shot by John Marino.
18:00 of 3rd period - Shot Misses the Net.
19:14 of 3rd period - Shot by Vince Dunn.
19:14 of 3rd period - Stopped by Matthew Villalta with a rebound.
19:38 of 3rd period - Off-side.
19:39 of 3rd period - Tyler Seguin wins face-off versus Paul Cotter in neutral zone.
19:42 of 3rd period - Shot by John Marino.
19:42 of 3rd period - Stopped by Matthew Villalta with a rebound.
19:46 of 3rd period - Shot by Tyler Seguin.
19:46 of 3rd period - Shot Blocked by Ryan Suter.
19:48 of 3rd period - Shot by Ryan Carpenter.
19:48 of 3rd period - Shot Blocked by Juuso Valimaki.
19:54 of 3rd period - Shot by Ryan Carpenter.
19:54 of 3rd period - Deflect By Simon Holmstrom.
19:54 of 3rd period - Stopped by Matthew Villalta without a rebound.
19:55 of 3rd period - Kevin Stenlund wins face-off versus Peyton Krebs in DALLAS Stars zone.
Goals for this period are 2 for DALLAS Stars vs 0 for TORONTO Maple Leafs.
Shots for this period are 8 for DALLAS Stars vs 10 for TORONTO Maple Leafs. Output by the SimonT Hockey Simulator (STHS) for Martin Benoit - Original Page W3C HTML5 Valid
Hockey Simulator - Hockey Simulation - Hockey Manager